 Dungeon Crawl Stone Soup version 0.30.0-5-g1a98f26d00 (webtiles) character file.

Game seed: 823082099222069474

502 fozzywoppz the Trooper (level 7, -2/44 HPs)
             Began as a Gargoyle Fighter on May 10, 2023.
             Killed by divine providence
             ... invoked by an orc priest
              (11 damage)
             ... on level 4 of the Dungeon.
             The game lasted 00:06:30 (2978 turns).

fozzywoppz the Trooper (Gargoyle Fighter)           Turns: 2978, Time: 00:06:30

Health: -2/44      AC: 18    Str: 20    XL:     7   Next: 17%
Magic:  7/7        EV:  7    Int:  8    God:
Gold:   1057       SH:  6    Dex: 17    Spells: 6/6 levels left

rFire   . . .        w - +1 mace (holy)
rCold   . . .        c - +0 buckler
rNeg    + . .        y - +0 chain mail
rPois   ∞            (no helmet)
rElec   +            x - +0 cloak
rCorr   .            r - +0 pair of gloves
SInv    .            l - +0 pair of boots
Will    .....        (no amulet) Stlth
                     v - +6 ring of dexterity
HPRegen 0.27/turn    (no ring)
MPRegen 0.10/turn

%: no passive effects
@: no status effects
A: sickness immunity, AC +4, negative energy resistance 1, electricity
resistance, torment resistance 1, petrification resistance
a: no special abilities


You were on level 4 of the Dungeon.
You visited 1 branch of the dungeon, and saw 4 of its levels.
You also visited: Ossuary.

You collected 1057 gold pieces.

Inventory:

Hand Weapons
 a - a +0 flail
 w - a +1 mace of holy wrath (weapon)
Missiles
 e - 6 curare-tipped darts (quivered)
 f - 8 boomerangs
Armour
 c - a +0 buckler (worn)
 l - a +0 pair of boots (worn)
 r - a +0 pair of gloves (worn)
 x - a +0 cloak (worn)
 y - a +0 chain mail (worn)
Jewellery
 m - a ring of wizardry
 v - a +6 ring of dexterity (left hand)
Wands
 C - a wand of paralysis (8)
Scrolls
 j - 2 scrolls of teleportation
 o - a scroll of poison {unknown}
 p - 2 scrolls of fog {unknown}
 t - a scroll of fear {unknown}
 u - 3 scrolls of noise {unknown}
 z - 3 scrolls of vulnerability {unknown}
 A - 3 scrolls of immolation {unknown}
 B - 2 scrolls of enchant armour {unknown}
 D - a scroll of magic mapping {unknown}
 E - a scroll of torment {unknown}
 F - a scroll of amnesia {unknown}
 G - a scroll of brand weapon {unknown}
Potions
 b - a potion of haste
 d - a potion of might
 g - a potion of ambrosia {unknown}
 h - 3 potions of brilliance {unknown}
 i - a potion of attraction
 k - a potion of cancellation
 n - a potion of curing
 q - 2 potions of degeneration {unknown}
 s - a potion of heal wounds {unknown}


   Skills:
 + Level 5.3 Fighting
 + Level 4.2 Maces & Flails
 - Level 5.0 Armour
 - Level 5.0 Shields


You had 6 spell levels left.
You didn't know any spells.
Your spell library contained the following spells:

 Spells                   Type           Power      Damage    Failure   Level
 Sting                    Tmut/Pois      0%         1d3       98%         1
 Poisonous Vapours        Pois/Air       0%         N/A       99%         2
 Hailstorm                Conj/Ice       0%         3d3       100%        3
 Ice Form                 Ice/Tmut       0%         N/A       100%        4
 Olgreb's Toxic Radiance  Pois           0%         N/A       100%        4
 Simulacrum               Ice/Necr       0%         N/A       100%        6


Dungeon Overview and Level Annotations

Branches:
Dungeon (4/15)            Ossuary (visited)
 Temple: D:4-7

Altars:
Vehumet

Shops:
D:3 [


Innate Abilities, Weirdness & Mutations

You are immune to sickness and miasma.
Your stone body is resilient. (AC +4)
You are immune to poison.
You resist negative energy. (rN+)
You are resistant to electric shocks. (rElec)
You are resistant to unholy torment.
You are immune to petrification.


Message History

You sock the orc!
You kill the orc!
An orc priest comes into view. It is wielding a +0 club.
The orc hits you but does no damage.
You hit the orc.
The orc is heavily wounded.
The orc priest calls upon Beogh to heal the orc.
The orc's wounds heal themselves!
The orc hits you but does no damage.
You hit the orc.
The orc is almost dead.
The orc priest mumbles some strange prayers to Beogh against you.
Beogh smites you! You block the orc's attack.
You thump the orc!
You kill the orc!
The orc priest begins to cast a cantrip, but forgets the words!
The orc priest calls down the wrath of Beogh upon you.
Beogh smites you!
Unknown command.
The orc priest mumbles some strange prayers to Beogh against you.
Beogh smites you!
* * * LOW HITPOINT WARNING * * *
You sock the orc priest!
The orc priest is severely wounded.
You block the orc priest's attack.
You hit the orc priest but do no damage.
The orc priest is severely wounded.
The orc priest barely misses you.
The orc priest hits you but does no damage.
The orc priest barely misses you. The orc priest completely misses you.
You hit the orc priest.
The orc priest is moderately wounded.
You block the orc priest's attack. x2
You hit the orc priest.
You kill the orc priest!
You block the orc priest's attack.
You barely miss the orc priest.
The orc priest is moderately wounded.
The orc priest invokes the aid of Beogh against you.
Beogh smites you!
You die...

.#..## #.......# ...##
#.#.###.# ####
##.#.#...#####
#........##..
##..##....##.#
#####..........#.####
#.....#.#....)......#
####.###...##.....#.##.# #
#.......#####)@..##(##.##.#
#.##.##.# #.o#.###.......#
#.##.##.# #.#### ###..####
#.##.##.# ... ##.#.##
#.##.##.##.. #.###.#
#.......##.. ##..#..#
####.#####. #....#.# #.# #.
#..###.# ###.# #......#


You could see an orc priest.

Vanquished Creatures
  Menkaure (D:4)
  An elf zombie (Ossuary)
  A centaur zombie (Ossuary)
  A human zombie (Ossuary)
  An orc priest (D:4)
  An orc wizard (D:4)
  Natasha (D:4)
  3 mummies
  An adder (D:2)
  An adder zombie (Ossuary)
  A worm (D:4)
  12 orcs
  9 endoplasms
  A giant cockroach (D:2)
  8 hobgoblins
  7 jackals (D:2)
  6 kobolds
  2 quokkas (D:2)
  9 ball pythons
  4 bats
  6 frilled lizards
  11 goblins
  6 hobgoblin zombies (Ossuary)
  2 jackal zombies (Ossuary)
  10 kobold zombies (Ossuary)
  11 orc zombies (Ossuary)
  7 rats
  4 rat zombies (Ossuary)
128 creatures vanquished.

Notes
Turn   | Place    | Note
-------+----------+-------------------------------------------
     0 | D:1      | fozzywoppz the Gargoyle Fighter began the quest for the
                  | Orb.
     0 | D:1      | Reached XP level 1. HP: 14/14 MP: 1/1
   149 | D:1      | Reached XP level 2. HP: 15/19 MP: 2/2
   315 | D:1      | Found a faded altar of an unknown god.
   655 | D:2      | Reached XP level 3. HP: 10/23 MP: 3/3
  1291 | D:2      | Reached XP level 4. HP: 29/29 MP: 4/4
  1679 | D:3      | Found a radiant altar of Vehumet.
  1962 | D:3      | Found Vuzonaf's Antique Armour Emporium.
  2050 | D:4      | Identified a scroll of acquirement
  2050 | D:4      | Acquired 922 gold pieces
  2068 | D:4      | Found a sand-covered staircase.
  2076 | Ossuary  | Entered an ossuary
  2139 | Ossuary  | Reached XP level 5. HP: 33/33 MP: 5/5
  2241 | Ossuary  | Reached XP level 6. HP: 39/39 MP: 6/6
  2423 | D:4      | Noticed Natasha
  2429 | D:4      | Killed Natasha
  2492 | D:4      | Noticed Menkaure
  2502 | D:4      | Killed Menkaure
  2503 | D:4      | Reached skill level 5 in Fighting
  2503 | D:4      | Reached skill level 5 in Armour
  2503 | D:4      | Reached skill level 5 in Shields
  2648 | D:4      | Reached XP level 7. HP: 44/44 MP: 7/7
  2978 | D:4      | Killed from afar by an orc priest

Illustrated notes

Levels and vault maps discovered:
D:1:      dpeg_arrival_erosion, layout_rooms, ebering_ecumenical_altar_hall,
          kennysheep_minor_cross
D:2:      minmay_diamond_boxcup, layout_basic, chequers_big_river,
          minmay_quantized
D:3:      layout_rooms, mainiacjoe_overflow_cross_hatched, serial_shops,
          nicolae_lakefront_shop
D:4:      cheibrodos_fertilizer, layout_loops_cross, gup_ossuary_entry_pyramid,
          uniq_natasha, uniq_menkaure

Skill      XL: |  1  2  3  4  5  6 |
---------------+-------------------+-----
Fighting       | 4 5 |  5.3
Shields        | 4 5 |  5.0
Armour         | 4 5 |  5.0
Maces & Flails | 3 4 |  4.2

Action                     |  1- 3 |  4- 6 |  7- 9 || total
---------------------------+-------+-------+-------++-------
  Melee: Flail             |   178 |    41 |       ||   219
         Mace              |       |   143 |    56 ||   199
    Use: Scroll            |       |     6 |       ||     6
 Armour: Scale mail        |   153 |    32 |       ||   185
         Chain mail        |       |    79 |    37 ||   116
  Dodge: Dodged            |    92 |    71 |     8 ||   171
  Block: Buckler           |    48 |    49 |    20 ||   117
